[Event "FIDE Women Candidates 2026"]
[White "Lagno,Kateryna"]
[Black "Tan,Zhongyi"]
[Site "Agios Georgios Pegeia"]
[Round "10.4"]
[Annotator "RC"]
[Result "1/2-1/2"]
[Date "2026.04.09"]
[WhiteElo "2508"]
[BlackElo "2535"]
[PlyCount "106"]
[TimeControl "60"]

1. e4 c5 2. Nf3 a6 3. c4 Nc6 4. d4 cxd4 5. Nxd4 e5 6. Nf5 d5 7. cxd5 Bxf5 8. exf5 Nd4 9. Nc3 Nf6 10. Bd3 Be7 11. O-O O-O 12. Re1 Nxd5 13. Be4 Nf6 14. Bxb7 Ra7 15. Be4 Nxe4 16. Rxe4 Nxf5 17. Qxd8 Rxd8 18. Rxe5 Bf6 19. Rd5 Rad7 20. Rxd7 Rxd7 21. Kf1 Bxc3 22. bxc3 Rd3 23. Bb2 Rd2 24. Ba3 f6 25. Bb4 Kf7 26. a4 Ne7 27. Ke1 Rb2 28. Rd1 Nc6 29. Rd7+ Kg8 30. Rd6 Nxb4 31. cxb4 Rxb4 32. Rxa6 Rb2 33. h4 h5 34. a5 Ra2 35. Ra8+ Kf7 36. g3 g5 37. hxg5 fxg5 38. f3 g4 39. f4 h4 40. gxh4 g3 41. Kf1 Rf2+ 42. Kg1 Rxf4 43. h5 Ra4 44. Ra7+ Kg8 45. Kg2 Ra3 46. Kh3 Kh8 47. h6 Kg8 48. Rg7+ Kh8 49. Rg5 Kh7 50. Rh5 Rb3 51. Kg2 Ra3 52. Kh3 Rb3 53. Rg5 Ra3 1/2-1/2

[Event "FIDE Women Candidates 2026"]
[White "Goryachkina,Aleksandra"]
[Black "Vaishali,Rameshbabu"]
[Site "Agios Georgios Pegeia"]
[Round "11.1"]
[Annotator "ChessBase"]
[Result "0-1"]
[Date "2026.04.11"]
[WhiteElo "2534"]
[BlackElo "2470"]
[PlyCount "90"]
[TimeControl "60"]

1. d4 d5 2. Nf3 Nf6 3. c3 e6 4. Bf4 c5 5. e3 Qb6 6. Qb3 Bd7 7. Nbd2 Be7 8. Be2 O-O 9. O-O Rc8 10. Ne5 Be8 11. Bg5 Nc6 12. f4 Na5 13. Qxb6 axb6 14. f5 h6 15. Bh4 exf5 16. Rxf5 Nc6 17. a3 Bd8 18. Raf1 Nxe5 19. Rxe5 Bc6 20. Ref5 Rc7 21. h3 Rd7 22. Bg3 Bc7 23. Bxc7 Rxc7 24. Re5 Re8 25. Rff5 Rxe5 26. Rxe5 g6 27. dxc5 bxc5 28. c4 Kf8 29. cxd5 Bxd5 30. Bc4 Bc6 31. Rxc5 b6 32. Rxc6 Rxc6 33. Bb5 Rc2 34. Nc4 Nd5 35. b3 Rc3 36. Ba4 Nxe3 37. Nxb6 Rc2 38. Bb5 Rxg2+ 39. Kh1 Rb2 40. Nd7+ Ke7 41. Nc5 Kd6 42. Nb7+ Kd5 43. b4 Ke4 44. Nc5+ Kf3 45. Bd3 f5 0-1

[Event "FIDE Women Candidates 2026"]
[White "Lagno,Kateryna"]
[Black "Muzychuk,Anna"]
[Site "Agios Georgios Pegeia"]
[Round "11.2"]
[Annotator "ChessBase"]
[Result "1/2-1/2"]
[Date "2026.04.11"]
[WhiteElo "2508"]
[BlackElo "2522"]
[PlyCount "98"]
[TimeControl "60"]

1. d4 Nf6 2. c4 e6 3. Nf3 b6 4. g3 Bb4+ 5. Bd2 Bxd2+ 6. Qxd2 Bb7 7. Bg2 O-O 8. Nc3 d5 9. Ne5 Nbd7 10. O-O Qe7 11. Qc2 Rfd8 12. Rad1 c5 13. cxd5 exd5 14. Nxd7 Rxd7 15. Rfe1 Re8 16. e3 h6 17. b3 Red8 18. Bh3 Rc7 19. Nb5 Bc8 20. Bg2 Rc6 21. Qb2 Bg4 22. Rc1 a6 23. Nc3 cxd4 24. exd4 Qc7 25. Ne2 Bxe2 26. Rxc6 Qxc6 27. Qxe2 Re8 28. Qd2 Rxe1+ 29. Qxe1 Qc2 30. h3 a5 31. Qe5 Qc1+ 32. Bf1 Qc6 33. Bd3 g6 34. Be2 Qe6 35. Bf3 Kg7 36. Kg2 Qxe5 37. dxe5 Nd7 38. Bxd5 Nxe5 39. f4 Nd3 40. a3 Ne1+ 41. Kf2 Nc2 42. a4 f5 43. Ke2 Nb4 44. Bc4 Kf6 45. Ke3 Ke7 46. Kd4 Nc6+ 47. Kd5 Nb4+ 48. Kd4 Nc6+ 49. Kd5 Nb4+ 1/2-1/2

[Event "FIDE Women Candidates 2026"]
[White "Zhu,Jiner"]
[Black "Divya Deshmukh"]
[Site "Agios Georgios Pegeia"]
[Round "11.3"]
[Annotator "TA"]
[Result "1/2-1/2"]
[Date "2026.04.11"]
[WhiteElo "2578"]
[BlackElo "2497"]
[PlyCount "94"]
[TimeControl "60"]

1. e4 c5 2. Nf3 Nc6 3. Bb5 d6 4. O-O Bd7 5. Re1 a6 6. Bxc6 Bxc6 7. d4 cxd4 8. Nxd4 Rc8 {[%emt 0:0:1] B51: Sicilian: Moscow Variation (3 Bb5+) without 3...Bd7.} 9. c4 g6 $1 {[%emt 0:0:44] 9...g6 is better than 9...Nf6.} 10. b3 Nf6 {[%emt 0:0:30] White is slightly better.} 11. Nxc6 Rxc6 12. Bb2 Bg7 13. Nc3 O-O 14. Nd5 e6 15. Nb4 {[%emt 0:16:58][%cal Oe4e5] [#]} Rc8 16. Qf3 Qe7 $146 ({Predecessor:} 16... Qa5 17. Nd3 Qh5 18. Qf4 Qg4 19. Qe3 b5 20. cxb5 axb5 21. h3 Qh4 22. Qf3 d5 23. exd5 Nxd5 24. Re4 Qg5 25. Bxg7 Kxg7 26. Nb4 Rc1+ {½-½ Cornette,M (2548)-Karason,A (2253) ISL-chT 1415 2014 (6.3)} )17. Rad1 Rfd8 18. h3 Ne8 19. Bxg7 Nxg7 20. Qc3 Qc7 21. a4 Qa5 22. Qd2 Ne8 23. Nc2 Qxd2 24. Rxd2 Kf8 25. Red1 Ke7 26. Ne3 h5 27. h4 Nf6 28. f3 Nd7 29. Kf2 Nc5 30. Rb1 Rc6 31. Ke2 Rcc8 32. a5 Nd7 33. Kd3 Ne5+ 34. Kc3 f5 35. exf5 gxf5 36. f4 {[%emt 0:4:11][%cal Ob1e1] [#] and Re1! should not be overlooked} Nc6 37. Re1 Kf7 38. Nc2 d5 39. cxd5 (39. Nd4 $11 Nxd4 40. Rxd4 )Rxd5 $17 40. Rxd5 Ne7+ 41. Kb2 Nxd5 {[%emt 0:0:21][%mdl 4096] Endgame KRN-KRN} 42. g3 Rd8 (42... Rg8 $15 43. Nd4 Rxg3 44. Nxe6 Kf6 )43. Ne3 $11 {[%emt 0:3:26] The position is equal.} Nb4 44. Kc3 Na2+ 45. Kb2 Nb4 46. Kc3 Na2+ 47. Kb2 Nb4 {[%emt 0:0:13] Weighted Error Value: White=0.07 (flawless) /Black=0.06 (flawless)   Mistake:       	White=1     	Black=1      Inaccurate:     	White=1     	Black=1      OK:         	White=13    	Black=6} 1/2-1/2

[Event "FIDE Women Candidates 2026"]
[White "Tan,Zhongyi"]
[Black "Assaubayeva,Bibisara"]
[Site "Agios Georgios Pegeia"]
[Round "11.4"]
[Annotator "RC"]
[Result "1/2-1/2"]
[Date "2026.04.11"]
[WhiteElo "2535"]
[BlackElo "2516"]
[PlyCount "204"]
[TimeControl "60"]

1. e4 c5 2. Nf3 Nc6 3. Nc3 g6 4. Bb5 Bg7 5. d3 d6 6. e5 dxe5 7. Bxc6+ bxc6 8. O-O c4 9. Re1 Qc7 10. h3 cxd3 11. cxd3 Nh6 12. Nxe5 Nf5 13. Bf4 Qb7 14. Qa4 O-O 15. Qxc6 Rd8 16. Ne4 Nd4 17. Qc4 Ne6 18. Bg3 Rd4 19. Qc1 Rd5 20. Nc3 Rd8 21. Na4 Bd7 22. Nc5 Nxc5 23. Qxc5 Be8 24. b3 Rac8 25. Qe3 Qa6 26. Bh4 f6 27. Nc4 e5 28. f3 Rd4 29. Bf2 Rcd8 30. Red1 Bf7 31. Qe2 R4d7 32. Rac1 Bf8 33. Rc2 Qb5 34. Kh1 a5 35. Be1 Bb4 36. Bxb4 axb4 37. Nb2 Qa6 38. Rdc1 Qxa2 39. Na4 Qa3 40. Nc5 Rd4 41. Ne4 Kg7 42. Rc6 Rxd3 43. Nxf6 Qa7 44. Qxe5 Rd1+ 45. Kh2 Qd4 46. Ng4+ Qxe5+ 47. Nxe5 Rxc1 48. Rxc1 Bxb3 49. Rc7+ Kf6 50. Nc6 Rd2 51. Nxb4 h5 52. Na6 Ra2 53. Rc6+ Kf7 54. h4 Bd5 55. Rc7+ Ke6 56. Nb4 Ra4 57. Nxd5 Kxd5 58. Rg7 Rxh4+ 59. Kg3 Rh1 60. Kf4 Ke6 61. Rxg6+ Kf7 62. Ra6 Rg1 63. g3 Kg7 64. Ra5 Kh6 65. Rf5 Rg2 66. Rg5 Ra2 67. Re5 Rg2 68. Re1 Kg6 69. Re8 Kg7 70. Re5 Kh6 71. Rg5 Ra2 72. Rg8 Ra4+ 73. Ke3 Ra3+ 74. Kf2 Ra2+ 75. Kf1 Rb2 76. Re8 Kg5 77. Re5+ Kg6 78. Re2 Rb3 79. Kg2 Kf5 80. Ra2 Rc3 81. Ra6 Rb3 82. f4 h4 83. Ra5+ Kf6 84. gxh4 Kg6 85. Rg5+ Kh6 86. Rg3 Rb4 87. Kf3 Kh5 88. Rg8 Rb3+ 89. Ke4 Rb4+ 90. Ke5 Rb5+ 91. Ke6 Rb6+ 92. Kd5 Rb5+ 93. Kc4 Rb1 94. Kd5 Rb5+ 95. Kc6 Rb1 96. Rg5+ Kxh4 97. Kd6 Rb4 98. Ke5 Rb5+ 99. Kf6 Rb6+ 100. Kf5 Rb5+ 101. Kg6 Rb6+ 102. Kg7 Rb4 1/2-1/2

[Event "FIDE Women Candidates 2026"]
[White "Vaishali,Rameshbabu"]
[Black "Zhu,Jiner"]
[Site "Agios Georgios Pegeia"]
[Round "12.1"]
[Annotator "RC"]
[Result "0-1"]
[Date "2026.04.12"]
[WhiteElo "2470"]
[BlackElo "2578"]
[PlyCount "78"]
[TimeControl "60"]

1. e4 c6 2. d4 d5 3. e5 Bf5 4. Bd3 Bxd3 5. cxd3 e6 6. Nc3 Ne7 7. Nf3 h6 8. h4 Nd7 9. Ne2 b6 10. Bd2 c5 11. Rc1 Nc6 12. h5 Qc8 13. dxc5 bxc5 14. Qa4 Qb7 15. O-O Rb8 16. Rc2 a6 17. Qf4 Qb5 18. Nc1 Rg8 19. b3 g5 20. hxg6 Rxg6 21. d4 Be7 22. Be3 c4 23. bxc4 dxc4 24. Ne2 Nb4 25. Rb2 Qc6 26. Rfb1 Rb5 27. d5 Nxd5 28. Qe4 Qb7 29. Bd4 h5 30. Kh1 Rg4 31. Qh7 h4 32. Qh5 Rg6 33. Qh8+ Nf8 34. a4 Rb3 35. Rxb3 cxb3 36. Nc1 h3 37. Nxb3 hxg2+ 38. Kh2 g1=Q+ 39. Nxg1 Nc3 0-1

[Event "FIDE Women Candidates 2026"]
[White "Muzychuk,Anna"]
[Black "Goryachkina,Aleksandra"]
[Site "Agios Georgios Pegeia"]
[Round "12.2"]
[Annotator "RC"]
[Result "1/2-1/2"]
[Date "2026.04.12"]
[WhiteElo "2522"]
[BlackElo "2534"]
[PlyCount "142"]
[TimeControl "60"]

1. e4 e5 2. Nf3 Nc6 3. Bb5 a6 4. Ba4 Nf6 5. O-O Be7 6. d3 b5 7. Bb3 d6 8. Bd2 O-O 9. h3 h6 10. Re1 Rb8 11. a3 Re8 12. Nc3 Bf8 13. Nd5 Nxd5 14. Bxd5 Ne7 15. Bb3 Ng6 16. a4 Be6 17. Bxe6 Rxe6 18. axb5 axb5 19. Ra7 b4 20. d4 d5 21. dxe5 d4 22. Qe2 Nxe5 23. Nxe5 Rxe5 24. Qd3 b3 25. c3 dxc3 26. Qxd8 Rxd8 27. Bxc3 Rb5 28. Rxc7 Bb4 29. Bxb4 Rxb4 30. Re2 Rd1+ 31. Kh2 Rbd4 32. Rc3 R4d2 33. Rxd2 Rxd2 34. Rxb3 Rxf2 35. Kg3 Rc2 36. h4 Kf8 37. Rb7 Rc6 38. b4 Rg6+ 39. Kf3 Rf6+ 40. Ke3 Rg6 41. b5 Rxg2 42. b6 g5 43. Rc7 Rb2 44. b7 Kg7 45. e5 Kg6 46. h5+ Kf5 47. Kd4 Ke6 48. Kc5 Kxe5 49. Kc6 g4 50. Re7+ Kf6 51. Re8 Rxb7 52. Kxb7 Kg5 53. Kc6 Kxh5 54. Kd5 Kh4 55. Ke4 Kg3 56. Ra8 h5 57. Ra3+ Kh2 58. Kf4 f5 59. Ra2+ Kh3 60. Ra3+ Kh2 61. Ra2+ Kh3 62. Ra5 g3 63. Rxf5 Kg2 64. Ra5 h4 65. Ra2+ Kh3 66. Ra3 Kh2 67. Kg4 g2 68. Rh3+ Kg1 69. Kxh4 Kf2 70. Rh2 Kf3 71. Rxg2 Kxg2 1/2-1/2

[Event "FIDE Women Candidates 2026"]
[White "Assaubayeva,Bibisara"]
[Black "Lagno,Kateryna"]
[Site "Agios Georgios Pegeia"]
[Round "12.3"]
[Annotator "RC"]
[Result "1-0"]
[Date "2026.04.12"]
[WhiteElo "2516"]
[BlackElo "2508"]
[PlyCount "97"]
[TimeControl "60"]

1. e4 e5 2. Nf3 Nc6 3. Bc4 Bc5 4. c3 Nf6 5. d4 exd4 6. cxd4 Bb4+ 7. Nbd2 d5 8. exd5 Nxd5 9. O-O O-O 10. a3 Be7 11. Re1 Bg4 12. h3 Bh5 13. Ba2 Nb6 14. g4 Bg6 15. Nf1 Bd6 16. Bg5 Qd7 17. Ne5 Bxe5 18. dxe5 h6 19. Bh4 Qd4 20. Nh2 Qxb2 21. f4 Bc2 22. Qc1 Qc3 23. Re3 Qd4 24. Bf2 Qa4 25. f5 Rad8 26. Qb2 Nd5 27. Bxd5 Rxd5 28. Rc1 Bd3 29. Qxb7 Bb5 30. Qxc7 Nd4 31. Rce1 Nc2 32. Re4 Qb3 33. Rc1 Rd2 34. e6 fxe6 35. Qf4 Rfd8 36. fxe6 Rd1+ 37. Rxd1 Rxd1+ 38. Kg2 Bc6 39. Qf7+ Kh7 40. Qf5+ Kg8 41. e7 Qb7 42. Qe6+ Kh7 43. Qxc6 Qxc6 44. e8=Q Qb7 45. Nf3 Rd6 46. Rf4 Rd2 47. Rf8 Rxf2+ 48. Kxf2 Qb6+ 49. Kg3 1-0

[Event "FIDE Women Candidates 2026"]
[White "Divya Deshmukh"]
[Black "Tan,Zhongyi"]
[Site "Agios Georgios Pegeia"]
[Round "12.4"]
[Annotator "RC"]
[Result "0-1"]
[Date "2026.04.12"]
[WhiteElo "2497"]
[BlackElo "2535"]
[PlyCount "124"]
[TimeControl "60"]

1. e4 e5 2. Nf3 Nc6 3. g3 Nf6 4. d3 Bc5 5. Bg2 d6 6. O-O O-O 7. c4 Nd4 8. h3 c6 9. Nc3 a6 10. Be3 b5 11. b3 Qb6 12. Bxd4 Bxd4 13. Nxd4 Qxd4 14. Ne2 Qb6 15. Kh2 Bb7 16. f4 Rfe8 17. Qc2 b4 18. g4 Rad8 19. Rad1 Nd7 20. d4 c5 21. d5 exf4 22. Nxf4 Re5 23. Nd3 Re7 24. Rf4 Nf8 25. Rdf1 Ng6 26. R4f2 Rf8 27. Qc1 Qd8 28. a3 a5 29. a4 Ree8 30. Qe3 Bc8 31. Qg3 Ne5 32. Nxe5 Rxe5 33. h4 h6 34. Rf4 Bd7 35. Qf2 Qe7 36. Qg3 f6 37. R4f2 Qe8 38. Rf4 Qg6 39. Qf3 Kf7 40. Qg3 Ke7 41. h5 Qg5 42. Bf3 Re8 43. Bd1 Kd8 44. Bc2 Kc7 45. R1f2 R5e7 46. Kg2 Qe5 47. Kh2 Qd4 48. Qd3 Qa1 49. Rf1 Qe5 50. Qg3 Rg8 51. R1f2 Ree8 52. Rf5 Qe7 53. R5f3 Qd8 54. Rf1 Re7 55. Rf4 Qe8 56. Qf3 Re5 57. Rf5 g6 58. Rxf6 gxh5 59. Rxh6 hxg4 60. Qf7 Rh8 61. Rxh8 Qxh8+ 62. Kg1 g3 0-1

[Event "FIDE Women Candidates 2026"]
[White "Zhu,Jiner"]
[Black "Goryachkina,Aleksandra"]
[Site "Agios Georgios Pegeia"]
[Round "13.1"]
[Annotator "RC"]
[Result "0-1"]
[Date "2026.04.14"]
[WhiteElo "2578"]
[BlackElo "2534"]
[PlyCount "114"]
[TimeControl "60"]

1. e4 e5 2. Nf3 Nc6 3. Bc4 Nf6 4. d3 h6 5. c3 Bc5 6. b4 Be7 7. O-O O-O 8. Bb2 a6 9. a4 d5 10. exd5 Nxd5 11. b5 axb5 12. axb5 Rxa1 13. Bxa1 Na5 14. Bxd5 Qxd5 15. c4 Qd8 16. Bc3 b6 17. Bxa5 bxa5 18. Nxe5 Bd6 19. Nc6 Qh4 20. g3 Qf6 21. Nd2 Bb4 22. Ne4 Qb2 23. Qc1 Qe2 24. Qe3 Qb2 25. Qc1 Qe2 26. Qe3 Qb2 27. Rd1 f5 28. Nc5 Bxc5 29. Qxc5 Qe2 30. Ra1 Re8 31. d4 f4 32. Ne5 fxg3 33. hxg3 Rf8 34. Qd5+ Kh7 35. Qg2 Qb2 36. Rd1 a4 37. f3 Qb3 38. Rd3 Qb1+ 39. Qf1 Qb4 40. g4 Qb2 41. Qd1 Bb7 42. Rd2 Qb4 43. g5 Bc8 44. Qc2+ Bf5 45. g6+ Kg8 46. Qa2 Be6 47. Kf2 a3 48. Re2 Qe7 49. Re4 Qb4 50. Nc6 Qd6 51. Re5 Kh8 52. Ke3 Bd7 53. Re4 Bxc6 54. bxc6 Qg3 55. Qf2 Qxg6 56. d5 Qf6 57. Qe2 a2 0-1

[Event "FIDE Women Candidates 2026"]
[White "Tan,Zhongyi"]
[Black "Vaishali,Rameshbabu"]
[Site "Agios Georgios Pegeia"]
[Round "13.2"]
[Annotator "RC"]
[Result "1/2-1/2"]
[Date "2026.04.14"]
[WhiteElo "2535"]
[BlackElo "2470"]
[PlyCount "67"]
[TimeControl "60"]

1. d4 d5 2. c4 e6 3. Nc3 dxc4 4. e4 c5 5. d5 exd5 6. exd5 Bd6 7. Bxc4 Ne7 8. Nge2 O-O 9. Bg5 Nd7 10. O-O h6 11. Bh4 Nb6 12. b3 Bf5 13. Nb5 a6 14. Nxd6 Qxd6 15. Bg3 Qf6 16. Bc7 Rfe8 17. Ng3 Nd7 18. d6 Nc6 19. Nxf5 Qxf5 20. Bd5 Re5 21. Bf3 h5 22. Re1 Rae8 23. Rxe5 Rxe5 24. Bxc6 bxc6 25. Qf1 Rd5 26. Qe2 Ne5 27. h3 Nd3 28. Qe8+ Kh7 29. Rf1 Nf4 30. Re1 Nd3 31. Rf1 Nf4 32. Re1 Nd3 33. Rf1 Nf4 34. Re1 1/2-1/2

[Event "FIDE Women Candidates 2026"]
[White "Assaubayeva,Bibisara"]
[Black "Muzychuk,Anna"]
[Site "Agios Georgios Pegeia"]
[Round "13.3"]
[Annotator "RC"]
[Result "1-0"]
[Date "2026.04.14"]
[WhiteElo "2516"]
[BlackElo "2522"]
[PlyCount "87"]
[TimeControl "60"]

1. e4 e5 2. Nf3 Nc6 3. d4 exd4 4. Nxd4 Nf6 5. Nxc6 bxc6 6. Qe2 Qe7 7. Nc3 d5 8. exd5 Nxd5 9. Bd2 Bg4 10. f3 Qxe2+ 11. Bxe2 Be6 12. O-O-O Be7 13. Nxd5 cxd5 14. Bb5+ Bd7 15. Rhe1 Bxb5 16. Bb4 O-O-O 17. Rxe7 Rd7 18. Rxd7 Bxd7 19. Rxd5 h5 20. Bc3 f6 21. h4 Be6 22. Rc5 Kb7 23. a4 Bf7 24. b4 Rd8 25. b5 Rd5 26. Rc6 Rd6 27. Rxd6 cxd6 28. Kd2 Be6 29. Bb4 Kc7 30. Ke3 Bc4 31. Ba5+ Kd7 32. Bc3 a6 33. b6 Bf7 34. a5 Bg6 35. Kd2 Bf5 36. Bd4 Kc6 37. c3 Bc8 38. Ke3 Kd5 39. g4 g6 40. Bxf6 Bb7 41. Kf4 Ke6 42. Kg5 Kf7 43. gxh5 gxh5 44. f4 1-0

[Event "FIDE Women Candidates 2026"]
[White "Lagno,Kateryna"]
[Black "Divya Deshmukh"]
[Site "Agios Georgios Pegeia"]
[Round "13.4"]
[Annotator "ChessBase"]
[Result "1-0"]
[Date "2026.04.14"]
[WhiteElo "2508"]
[BlackElo "2497"]
[PlyCount "73"]
[TimeControl "60"]

1. e4 c6 2. d4 d5 3. Nd2 dxe4 4. Nxe4 Nf6 5. Nxf6+ exf6 6. g3 Bd6 7. Bg2 O-O 8. Ne2 Bg4 9. O-O Qd7 10. Re1 Na6 11. a3 h5 12. Qd3 Rad8 13. Be3 Qc8 14. c4 Nc7 15. d5 Be5 16. Qb3 cxd5 17. cxd5 b6 18. Rad1 Qa6 19. Rd2 Rd7 20. Nd4 Bxd4 21. Rxd4 Rfd8 22. h3 Bf5 23. Rc1 Ne8 24. g4 hxg4 25. hxg4 Bg6 26. Bf1 Qb7 27. Bb5 Re7 28. Bc6 Qb8 29. Bf4 Nd6 30. Qg3 Re2 31. Kf1 Rc2 32. Re1 Rxb2 33. Bxd6 Qc8 34. Bc7 Rf8 35. d6 Rc2 36. d7 Qa6+ 37. Kg1 1-0

[Event "FIDE Women Candidates 2026"]
[White "Vaishali,Rameshbabu"]
[Black "Lagno,Kateryna"]
[Site "Agios Georgios Pegeia"]
[Round "14.1"]
[Annotator "RC"]
[Result "1-0"]
[Date "2026.04.15"]
[WhiteElo "2470"]
[BlackElo "2508"]
[PlyCount "95"]
[TimeControl "60"]

1. e4 c5 2. Nf3 d6 3. d4 cxd4 4. Nxd4 Nf6 5. Nc3 g6 6. Be3 Bg7 7. f3 O-O 8. Qd2 Nc6 9. O-O-O d5 10. Nxc6 bxc6 11. Bc4 Be6 12. exd5 cxd5 13. Nxd5 Nxd5 14. Bxd5 Rb8 15. Bb3 Qc8 16. Kb1 Bxb3 17. axb3 a5 18. Bd4 e5 19. Bc3 a4 20. bxa4 Qc4 21. b3 Qxa4 22. Rhe1 Rb5 23. Re4 Qa7 24. Qe3 Qc7 25. Qd3 Qb6 26. Bb2 Ra5 27. Bc3 Ra6 28. Qe3 Qc6 29. Rc4 Qe6 30. Qe4 Rfa8 31. Rc5 h5 32. g4 hxg4 33. fxg4 Kh7 34. Rcd5 Qc6 35. Bb2 Ra2 36. g5 Qb6 37. Qh4+ Kg8 38. Qe4 R8a4 39. Rd8+ Kh7 40. c4 Rxc4 41. Qxc4 Rxb2+ 42. Kxb2 e4+ 43. Kb1 Qf2 44. R8d2 Qf5 45. Qd5 Qf3 46. Rc2 Qf4 47. Re1 e3 48. Qg2 1-0

[Event "FIDE Women Candidates 2026"]
[White "Divya Deshmukh"]
[Black "Assaubayeva,Bibisara"]
[Site "Agios Georgios Pegeia"]
[Round "14.2"]
[Annotator "RC"]
[Result "1/2-1/2"]
[Date "2026.04.15"]
[WhiteElo "2497"]
[BlackElo "2516"]
[PlyCount "72"]
[TimeControl "60"]

1. d4 Nf6 2. g3 c5 3. d5 d6 4. Bg2 g6 5. a4 Bg7 6. e4 O-O 7. Ne2 Nbd7 8. O-O Rb8 9. c4 a6 10. Nec3 Qc7 11. h3 e6 12. dxe6 fxe6 13. Bf4 Ne5 14. Bxe5 dxe5 15. Nd2 Bd7 16. Qe2 Rbd8 17. Qe3 a5 18. Nf3 b6 19. h4 Kh8 20. Bh3 Bc8 21. Nb5 Qe7 22. Rad1 Rxd1 23. Rxd1 Nxe4 24. Bg2 Bb7 25. Nxe5 Nxf2 26. Rd7 Qf6 27. Rxb7 Qxe5 28. Qxe5 Bxe5 29. Nc7 Ng4 30. Nxe6 Rf6 31. Ng5 Bd4+ 32. Kh1 Nf2+ 33. Kh2 Ng4+ 34. Kh1 Nf2+ 35. Kh2 Ng4+ 36. Kh1 Nf2+ 1/2-1/2

[Event "FIDE Women Candidates 2026"]
[White "Muzychuk,Anna"]
[Black "Zhu,Jiner"]
[Site "Agios Georgios Pegeia"]
[Round "14.3"]
[Annotator "RC"]
[Result "1/2-1/2"]
[Date "2026.04.15"]
[WhiteElo "2522"]
[BlackElo "2578"]
[PlyCount "111"]
[TimeControl "60"]

1. e4 c5 2. c3 d5 3. exd5 Nf6 4. Bb5+ Nbd7 5. d4 a6 6. Be2 Nxd5 7. Nf3 e6 8. c4 N5f6 9. O-O Qc7 10. Nc3 Bd6 11. dxc5 Bxc5 12. a3 b6 13. b4 Bd6 14. h3 Bb7 15. Be3 O-O 16. Rc1 Rac8 17. Na4 Rfd8 18. Qb3 Bf4 19. Rfd1 Bc6 20. Bxf4 Qxf4 21. c5 Bd5 22. Qb2 bxc5 23. Nxc5 Nxc5 24. Rxc5 Rxc5 25. bxc5 Qc7 26. Rc1 Rb8 27. Qe5 Ne8 28. Qxc7 Nxc7 29. Ne5 f6 30. Nc4 Rb3 31. a4 Kf7 32. Nb6 Rb4 33. Rd1 Ke8 34. Bf3 Bxf3 35. gxf3 e5 36. Rd6 Rd4 37. Rc6 Kd8 38. Kf1 a5 39. Kg2 h5 40. Kf1 Na6 41. Rc8+ Ke7 42. Rc6 Ke8 43. Kg2 h4 44. Rc8+ Ke7 45. Rc6 Kf7 46. Nc8 Nb4 47. Rc7+ Ke6 48. Rxg7 Nd5 49. Nb6 Nxb6 50. cxb6 Rxa4 51. Rg8 Rb4 52. Ra8 Rxb6 53. Rxa5 Rb4 54. Ra8 Kf5 55. Rg8 Ra4 56. Rg7 1/2-1/2

[Event "FIDE Women Candidates 2026"]
[White "Goryachkina,Aleksandra"]
[Black "Tan,Zhongyi"]
[Site "Agios Georgios Pegeia"]
[Round "14.4"]
[Annotator "RC"]
[Result "1-0"]
[Date "2026.04.15"]
[WhiteElo "2534"]
[BlackElo "2535"]
[PlyCount "125"]
[TimeControl "60"]

1. e4 e5 2. Nf3 Nf6 3. Nxe5 d6 4. Nf3 Nxe4 5. d4 d5 6. Bd3 Be7 7. O-O Nc6 8. Nbd2 Nd6 9. c3 Bf5 10. Bc2 Bxc2 11. Qxc2 Nb8 12. Re1 O-O 13. Nf1 Nd7 14. Ng3 Re8 15. Bf4 c6 16. Qb3 b6 17. Re2 Bf8 18. Bxd6 Bxd6 19. Rxe8+ Qxe8 20. Re1 Qf8 21. Qa4 Bxg3 22. Qxc6 Bxf2+ 23. Kxf2 Nf6 24. Kg1 Re8 25. Re5 Re7 26. h3 h6 27. Nh4 Qe8 28. Qxe8+ Rxe8 29. Nf5 Kf8 30. Kf2 h5 31. Kf3 Rxe5 32. dxe5 Nd7 33. Ke3 g6 34. Nd6 Ke7 35. Kd4 Ke6 36. Nb5 Nxe5 37. Nxa7 Nc4 38. Nc8 b5 39. b3 Na3 40. Kc5 f5 41. h4 f4 42. Nb6 f3 43. gxf3 g5 44. hxg5 h4 45. Nxd5 Kf5 46. g6 Kxg6 47. Nf4+ Kf5 48. Nh3 Ke5 49. Kb4 Nb1 50. f4+ Kd6 51. Ng5 Kd5 52. f5 Ke5 53. Nf3+ Kxf5 54. Nxh4+ Ke4 55. Ng6 Kd3 56. Nf4+ Kc2 57. Nd5 Nd2 58. a4 bxa4 59. bxa4 Ne4 60. a5 Nd6 61. a6 Nc8 62. Kc5 Kd3 63. Ne7 1-0